 Dungeon Crawl Stone Soup version 0.31-a0-1074-g0b22e4e0f1 (webtiles) character file.

Game seed: 6832363013971836234

18727 tbh1313 the Basher (level 12, -4/81 HPs)
             Began as a Gargoyle Berserker on Nov 30, 2023.
             Was a High Priest of Trog.
             Killed from afar by an ice statue (20 damage)
             ... with a shard of ice
             ... in an ice cave.
             The game lasted 00:33:29 (11430 turns).

tbh1313 the Basher (Gargoyle Berserker)            Turns: 11430, Time: 00:33:29

Health: -4/81      AC: 28    Str: 23    XL:     12   Next: 61%
Magic:  12/12      EV: 13    Int: 11    God:    Trog [*****.]
Gold:   644        SH:  0    Dex:  9    Spells: 11/11 levels left

rFire   + . .        a - +2 whip (elec)
rCold   + . .        (no shield)
rNeg    + . .        T - +0 leather armour {rC+ rF+}
rPois   ∞            p - +2 helmet
rElec   +            (no cloak)
rCorr   .            F - +0 pair of gloves
SInv    .            l - +0 pair of boots
Will    .....        e - amulet of regeneration
Stlth   +            D - +4 ring of protection
HPRegen 1.13/turn    z - +4 ring of protection
MPRegen 0.13/turn

%: no passive effects
@: on berserk cooldown, slowed, very slow
A: sickness immunity, AC +8, negative energy resistance 1, electricity
resistance, torment resistance 1, petrification resistance
a: Renounce Religion, Berserk, Trog's Hand, Brothers in Arms


You were in an ice cave.
You worshipped Trog.
Trog was extremely pleased with you.
You visited 1 branch of the dungeon, and saw 12 of its levels.
You also visited: Sewer and Ice Cave.

You collected 644 gold pieces.

Inventory:

Hand Weapons
 a - a +2 whip of electrocution (weapon)
 w - a +3 flail
 y - a +0 morningstar
 A - a +1 flail of protection
 S - a +1 antimagic great mace
Armour
 l - a +0 pair of boots (worn)
 p - a +2 helmet (worn)
 F - a +0 pair of gloves (worn)
 T - a +0 leather armour of resistance (worn)
Jewellery
 b - the ring "Lecoy" {rElec rF+ Str+6 Dex+3}
   (You found it in an ice cave)

   [ring of strength]

   Str+6:     It affects your strength (+6).
   Dex+3:     It affects your dexterity (+3).
   rF+:       It protects you from fire.
   rElec:     It insulates you from electricity.
 d - an amulet of magic regeneration
 e - an amulet of regeneration (around neck)
 j - a +6 ring of intelligence
 z - a +4 ring of protection (right hand)
 D - a +4 ring of protection (left hand)
 I - a ring of see invisible
 L - a +6 ring of intelligence
Wands
 k - a wand of mindburst (8)
 o - a wand of flame (42)
 t - a wand of roots (25)
 C - a wand of digging (10)
 E - a wand of paralysis (5)
 K - a wand of light (4)
Scrolls
 f - 2 scrolls of silence
 n - 2 scrolls of poison
 q - a scroll of blinking
 B - a scroll of torment
 H - a scroll of vulnerability
 M - 2 scrolls of immolation
 O - 2 scrolls of fog
 P - a scroll of teleportation
Potions
 c - a potion of cancellation
 g - a potion of invisibility
 h - 2 potions of magic
 i - 3 potions of heal wounds
 m - a potion of haste
 r - 2 potions of berserk rage
 s - 2 potions of attraction
 v - a potion of ambrosia {unknown}
 x - 2 potions of degeneration
 G - a potion of mutation {unknown}
 J - a potion of might {unknown}
 Q - 2 potions of curing
 R - a potion of resistance


   Skills:
 - Level 12.0 Fighting
 - Level 12.0 Maces & Flails
 - Level 12.0 Armour
 + Level 7.0 Dodging


You had 11 spell levels left.
You didn't know any spells.
Your spell library contained the following spells:

 Spells                   Type           Power      Damage    Failure   Level
 Blink                    Tloc           0%         N/A       52%         2
 Ensorcelled Hibernation  Hex/Ice        0%         N/A       52%         2
 Jinxbite                 Hex            0%         N/A       52%         2
 Lesser Beckoning         Tloc           0%         N/A       52%         2
 Momentum Strike          Conj/Tloc      0%         3d8       52%         2
 Poisonous Vapours        Pois/Air       0%         N/A       52%         2
 Mephitic Cloud           Conj/Pois/Air  0%         N/A       75%         3
 Anguish                  Hex/Necr       0%         N/A       98%         4
 Freezing Cloud           Conj/Ice/Air   0%         6-21      100%        5


Dungeon Overview and Level Annotations

Branches:
Dungeon (12/15)            Temple (0/1) D:4            Lair (0/5) D:10
    Orc (0/2) D:12          Sewer (visited)           IceCv (1/1)

Altars:
Ashenzari
Cheibriados
Elyvilon
Fedhas
Hepliaklqana
Kikubaaqudgha
Makhleb
Okawaru
Ru
Sif Muna
Xom
The Shining One

Annotations:
D:8 3 runed translucent doors
D:10 4 transporters
D:11 1 runed translucent door IceCv 1 transporter, exclusion: ice statue


Innate Abilities, Weirdness & Mutations

You are immune to sickness and miasma.
Your stone body is resilient. (AC +8)
You are immune to poison.
You resist negative energy. (rN+)
You are resistant to electric shocks. (rElec)
You are resistant to unholy torment.
You are immune to petrification.


Message History

You are engulfed in freezing vapours.
You resist.
You hit the white ugly thing.
The white ugly thing is almost dead.
You are engulfed in freezing vapours.
You resist.
The white ugly thing is engulfed in freezing vapours.
The white ugly thing kicks you! The white ugly thing freezes you! You resist.
* * * LOW HITPOINT WARNING * * *
You completely miss the white ugly thing.
The white ugly thing is almost dead.
You are engulfed in freezing vapours.
You resist.
The ice beast hits you but does no damage. x2
You hit the white ugly thing.
You kill the white ugly thing!
Trog accepts your kill.
You are engulfed in freezing vapours.
You resist.
* * * LOW HITPOINT WARNING * * *
Your Dodging skill increases to level 7!
You are engulfed in freezing vapours.
You resist. The ice beast completely misses you.
You see here an ugly thing corpse.
You feel a strong urge to attack something.
You are no longer berserk.
You are exhausted.
You feel yourself slow down.
Blink to where?
Press: ? - help, Dir - move target
As you read the scroll of blinking, it crumbles to dust.
As you read the scroll of fear, it crumbles to dust.
You assume a fearsome visage.
The ice beast looks frightened! x2
The ice statue is unaffected.
The ice beast looks frightened!
The ice statue glitters chillingly in the dim dungeon light.
You hit the ice statue.
The ice statue is lightly damaged.
You barely miss the ice statue.
The ice statue is lightly damaged.
You hit the ice statue but do no damage.
The ice statue is lightly damaged.
The ice statue gestures at you. The shard of ice hits you!!
You partially resist.
You die...

#.°°8##..........#
#..YY8#.......†...
#Y....#....8......
#($†..#8.%........
#!}..©#©©[.......∩
#$$...#8.[........
#.....#.)..8......
#8...8#...........
#@..8##..........#
#..8####........##
#©.## ###...####
#### #####


You could see an ice statue and 3 ice beasts.

Levels and vault maps discovered:
D:1:      kb_arrival_jail, layout_basic, serial_rivers,
          chequers_serial_rivers_micro_c, chequers_serial_rivers_micro_d,
          chequers_serial_rivers_micro_c, chequers_serial_rivers_small_a,
          chequers_serial_rivers_marsh, chequers_serial_rivers_small_3,
          minmay_hexomino_f4
D:2:      layout_loops_corners, uniq_robin, uniq_natasha
D:3:      cheibrodos_helix_gallery, layout_basic,
          nicolae_overflow_ecumenical_swirl,
          mainiacjoe_sewer_entry_somewhere_in_here_1
D:4:      layout_loops_ring, okawaru_ov_weapons_minmay,
          nicolae_ru_path_of_blood, kennysheep_slug_shrine,
          minmay_temple_entry_steel_oval, uniq_ijyb, uniq_pikel
D:5:      layout_rooms, elyvilon_altar_5, uniq_duvessa
D:6:      layout_gridville, uniq_edmund, uniq_prince_ribbit1
D:7:      layout_basic
D:8:      lemuel_bear_cage, layout_loops_ring, makhleb_blood_cavern_becter,
          gammafunk_temple_overflow_forgotten, serial_aquarium,
          aquarium_bridge_straight [aquarium_subvault_bridge,
          aquarium_subvault_window, aquarium_subvault_bridge,
          aquarium_subvault_window], aquarium_window_fake,
          aquarium_window_corner, aquarium_view_2d, aquarium_view_2a,
          uniq_joseph, uniq_erica
D:9:      layout_roguey [special_room_orc], hellmonk_sif_muna_bookshelves,
          old_standard_altar, nicolae_letterblocks [nicolae_letter_subblock,
          nicolae_letter_subblock, nicolae_letter_subblock,
          nicolae_letter_subblock, nicolae_letter_subblock,
          nicolae_letter_subblock, nicolae_letter_subblock,
          nicolae_letter_subblock, nicolae_letter_subblock,
          nicolae_letter_subblock, nicolae_letter_subblock,
          nicolae_letter_subblock, nicolae_letter_subblock,
          nicolae_letter_subblock, nicolae_letter_subblock,
          nicolae_letter_subblock, nicolae_letter_subblock,
          nicolae_letter_subblock, nicolae_letter_subblock,
          nicolae_letter_subblock, nicolae_letter_subblock,
          nicolae_letter_subblock, nicolae_letter_subblock,
          nicolae_letter_subblock, nicolae_letter_subblock], uniq_maggie
D:10:     layout_loops_ring, xom_shifter_show, erik_lair_island, serial_rivers,
          chequers_serial_rivers_large_a, chequers_serial_rivers_large_b,
          chequers_serial_rivers_marsh, chequers_serial_rivers_marsh,
          chequers_serial_rivers_micro_e, nicolae_transporter_circle
D:11:     minmay_gate_of_8, layout_irregular_city
D:12:     layout_gridville, orc_0_dummy, serial_ice, serial_ice_e, serial_ice_k,
          serial_ice_m, serial_ice_a, serial_ice_o, serial_ice_n, serial_ice_b,
          portal_ice_cave_entry_pillars_2
IceCv:    ice_cave_statue_garden_transporter

Notes
Turn   | Place    | Note
-------+----------+-------------------------------------------
     0 | D:1      | tbh1313 the Gargoyle Berserker began the quest for the Orb.
     0 | D:1      | Reached XP level 1. HP: 14/14 MP: 1/1
     2 | D:1      | Noticed a tengu
     2 | D:1      | Noticed a ghoul
     4 | D:1      | Noticed a demonspawn
     4 | D:1      | Noticed an armataur
     6 | D:1      | Noticed an octopode
     6 | D:1      | Noticed a minotaur
     8 | D:1      | Noticed an elf
     8 | D:1      | Noticed a gargoyle
    10 | D:1      | Noticed a spriggan
    12 | D:1      | Noticed a demigod
    12 | D:1      | Noticed a troll
    14 | D:1      | Noticed a vine stalker
    16 | D:1      | Noticed a vampire
    18 | D:1      | Noticed a draconian
    18 | D:1      | Noticed an ogre
    20 | D:1      | Noticed a meteoran
    20 | D:1      | Noticed a merfolk
    22 | D:1      | Noticed a naga
    22 | D:1      | Noticed a felid
    24 | D:1      | Noticed a formicid
    24 | D:1      | Noticed a meteoran
    26 | D:1      | Noticed a minotaur
    26 | D:1      | Noticed a spriggan
   402 | D:1      | Reached XP level 2. HP: 19/19 MP: 2/2
   847 | D:2      | Reached XP level 3. HP: 23/23 MP: 3/3
  1555 | D:2      | Noticed Natasha
  1560 | D:2      | Killed Natasha
  1561 | D:2      | Reached XP level 4. HP: 24/29 MP: 4/4
  1641 | D:2      | Reached ** piety under Trog
  1673 | D:2      | Noticed Robin
  1680 | D:2      | Killed Robin
  1897 | D:3      | Reached skill level 5 in Maces & Flails
  1897 | D:3      | Reached XP level 5. HP: 11/33 MP: 5/5
  1901 | D:3      | HP: 1/33 [something (4)]
  1908 | D:3      | HP: 1/33 [orc wizard/magic dart (9)]
  1956 | D:3      | HP: 3/49 [something/magic dart (9)]
  2284 | D:3      | Found a glowing drain.
  2303 | Sewer    | Entered a sewer
  2324 | Sewer    | Noticed Pargi
  2339 | Sewer    | Killed Pargi
  2340 | Sewer    | Reached XP level 6. HP: 40/40 MP: 6/6
  2477 | D:3      | Reached skill level 5 in Fighting
  2617 | D:3      | Reached *** piety under Trog
  2618 | D:3      | Found a faded altar of an unknown god.
  2633 | D:3      | Found a blossoming altar of Fedhas.
  3150 | D:4      | Noticed Pikel
  3178 | D:4      | Killed Pikel
  3179 | D:4      | Reached skill level 5 in Armour
  3179 | D:4      | Reached XP level 7. HP: 38/44 MP: 7/7
  3242 | D:4      | Found a snail-covered altar of Cheibriados.
  3260 | D:4      | Found a sacrificial altar of Ru.
  3318 | D:4      | Reached XP level 8. HP: 49/49 MP: 8/8
  3386 | D:4      | Noticed Ijyb
  3402 | D:4      | Killed Ijyb
  3571 | D:4      | Found a staircase to the Ecumenical Temple.
  3953 | D:4      | Found an iron altar of Okawaru.
  4109 | D:5      | Entered Level 5 of the Dungeon
  4109 | D:5      | Noticed Duvessa
  4110 | D:5      | Noticed Dowan
  4125 | D:5      | Killed Dowan
  4129 | D:5      | Killed Duvessa
  4184 | D:5      | Found a white marble altar of Elyvilon.
  4564 | D:5      | Reached skill level 10 in Maces & Flails
  4848 | D:6      | Reached XP level 9. HP: 54/54 MP: 9/9
  5179 | D:6      | Noticed Prince Ribbit
  5188 | D:6      | Killed Prince Ribbit
  5257 | D:6      | Noticed Edmund
  5283 | D:6      | Killed Edmund
  5457 | D:6      | Reached **** piety under Trog
  6146 | D:7      | Reached XP level 10. HP: 61/61 MP: 10/10
  6270 | D:7      | Identified the +7 dagger "Huaheuro" {vamp, rCorr Str+3}
  6692 | D:8      | Found a glowing golden altar of the Shining One.
  6692 | D:8      | Found a broken altar of Ashenzari.
  6692 | D:8      | Found a hazy altar of Hepliaklqana.
  6801 | D:8      | Identified the +0 leather armour "Syorugg" {Harm rC+ rN+
                  | Int-3}
  6887 | D:8      | Found a runed translucent gate.
  6888 | D:8      | Found a runed translucent gate.
  6889 | D:8      | Found a runed translucent gate.
  6889 | D:8      | Noticed a death yak
  6889 | D:8      | Noticed a death yak
  6962 | D:8      | Noticed Joseph
  6976 | D:8      | Killed Joseph
  7154 | D:8      | Noticed Erica
  7171 | D:8      | Killed Erica
  7542 | D:8      | Found a burning altar of Makhleb.
  7733 | D:9      | Found an ancient bone altar of Kikubaaqudgha.
  7804 | D:9      | Noticed a kobold demonologist
  7819 | D:9      | Killed a kobold demonologist
  7853 | D:9      | Reached XP level 11. HP: 71/71 MP: 11/11
  8021 | D:9      | Found a shimmering blue altar of Sif Muna.
  8023 | D:9      | Noticed Maggie
  8042 | D:9      | Killed Maggie
  8043 | D:9      | Reached skill level 10 in Fighting
  8043 | D:9      | Reached skill level 10 in Armour
  8295 | D:9      | Reached ***** piety under Trog
  8681 | D:10     | Entered Level 10 of the Dungeon
  8719 | D:10     | Found a transporter.
  8734 | D:10     | Found a transporter.
  8752 | D:10     | Found a transporter.
  9164 | D:10     | Found a staircase to the Lair.
  9210 | D:10     | Received a gift from Trog
  9400 | D:10     | Found a shimmering altar of Xom.
  9400 | D:10     | Found a shimmering altar of Xom.
  9400 | D:10     | Found a shimmering altar of Xom.
  9681 | D:10     | Found a transporter.
 10267 | D:11     | Noticed a wolf spider
 10267 | D:11     | Noticed a deep troll earth mage
 10268 | D:11     | Found a runed translucent door.
 10269 | D:11     | a snapping turtle changed into a swamp dragon
 10269 | D:11     | Noticed a swamp dragon (glowing shapeshifter)
 10270 | D:11     | Identified the +6 great sword "Widowermaker" {protect,
                  | rElec rC+ rCorr Int+2}
 10270 | D:11     | Noticed an orc warlord
 10270 | D:11     | Noticed a frost giant
 10270 | D:11     | Noticed a frost giant
 10270 | D:11     | Noticed a deep elf archer
 10270 | D:11     | a swamp dragon changed into a water nymph
 10376 | D:11     | Noticed a manticore
 10379 | D:11     | Noticed a two-headed ogre
 10396 | D:11     | Killed a two-headed ogre
 10397 | D:11     | Reached XP level 12. HP: 55/81 MP: 12/12
 10501 | D:11     | Noticed a two-headed ogre
 10508 | D:11     | Killed a two-headed ogre
 10884 | D:11     | Noticed a stone giant
 11058 | D:12     | Reached skill level 5 in Dodging
 11199 | D:12     | Received a gift from Trog
 11312 | D:12     | Found a frozen archway.
 11316 | IceCv    | Entered an ice cave
 11375 | IceCv    | Found a transporter.
 11382 | IceCv    | Identified the ring "Lecoy" {rElec rF+ Str+6 Dex+3}
 11398 | IceCv    | Found a transporter.
 11430 | IceCv    | Killed from afar by an ice statue

Table legend: (Time is in decaauts)
 A = Elapsed time spent in this place.
 B = Non-inter-level travel time spent in this place.
 C = Inter-level travel time spent in this place.
 D = Time resting spent in this place.
 E = Time spent auto-exploring this place.
 F = Levels seen in this place.
 G = Mean time per level.
                   A        B        C        D        E       F      G
               +--------+--------+--------+--------+--------+-----+--------+
         Total |  11134 |  10799 |    335 |   1349 |   7266 |  14 |  795.3 |
       Dungeon |  10869 |  10534 |    335 |   1279 |   7213 |  12 |  905.8 |
         Sewer |    167 |    167 |      0 |     27 |     53 |   1 |  167.0 |
      Ice Cave |     98 |     98 |      0 |     43 |      0 |   1 |   98.0 |
               +--------+--------+--------+--------+--------+-----+--------+

Top non-repeatable levels by time:
     D:3: 1144 daAuts
    D:10: 1135 daAuts
     D:4: 1100 daAuts
     D:8: 1053 daAuts
    D:11: 1041 daAuts
     D:2: 1016 daAuts
     D:6: 915 daAuts
     D:7: 908 daAuts
     D:9: 864 daAuts
     D:1: 862 daAuts
     D:5: 574 daAuts
    D:12: 252 daAuts
   Sewer: 167 daAuts
   IceCv: 98 daAuts

Table legend:
 A = Kills in this place as a percentage of kills in the entire game.
 B = Kills by you in this place as a percentage of kills by you in the entire game.
 C = Kills by friends in this place as a percentage of kills by friends in the entire game.
 D = Other kills in this place as a percentage of other kills in the entire game.
 E = Experience gained in this place as a percentage of experience gained in the entire game.
 F = Experience gained in this place divided by the number of levels of this place that you have seen.
                   A       B       C       D       E      F
               +-------+-------+-------+-------+-------+----------------------
         Total | 100.0 | 100.0 |   N/A |   N/A | 100.0 | 1911.0
       Dungeon |  94.9 |  94.9 |   N/A |   N/A |  92.5 | 2062.4
         Sewer |   2.7 |   2.7 |   N/A |   N/A |   0.6 | 166.0
      Ice Cave |   2.4 |   2.4 |   N/A |   N/A |   6.9 | 1839.0
               +-------+-------+-------+-------+-------+----------------------

Action                     |  1- 3 |  4- 6 |  7- 9 | 10-12 || total
---------------------------+-------+-------+-------+-------++-------
  Melee: Mace              |    85 |   202 |       |       ||   287
         Whip              |       |    24 |   274 |   980 ||  1278
         Punch             |       |     1 |     6 |    22 ||    29
 Invoke: Berserk           |     1 |     6 |     6 |    12 ||    25
         Trog's Hand       |       |       |     1 |     1 ||     2
  Evoke: Wand              |       |       |     4 |       ||     4
    Use: Scroll            |     5 |     6 |     8 |     6 ||    25
         Potion            |       |     5 |       |       ||     5
   Stab: Sleeping          |     2 |       |       |       ||     2
         Distracted        |       |       |     1 |       ||     1
 Armour: Animal skin       |    42 |    98 |       |       ||   140
         Ring mail         |       |   106 |     7 |       ||   113
         Leather armour    |       |       |   126 |   769 ||   895
  Dodge: Dodged            |    39 |   157 |   110 |   475 ||   781

Vanquished Creatures
  Erica (D:8)
  2 two-headed ogres (D:11)
  Pikel (D:4)
  3 ugly things
  A manticore (D:11)
  Joseph (D:8)
  An ice statue (IceCv)
  Maggie (D:9)
  A kobold demonologist (D:9)
  An unseen horror (D:11)
  A komodo dragon (D:10)
  5 trolls
  2 hornets
  Prince Ribbit (D:6)
  6 slime creatures (D:12)
  A centaur simulacrum (D:12)
  2 vampires
  2 shadows (D:11)
  A wraith (D:10)
  A wyvern (D:9)
  21 yaks
  6 vampire mosquitoes
  Edmund (D:6)
  A steam dragon (D:9)
  2 death yak simulacra (IceCv)
  2 water moccasins
  Duvessa (D:5)
  2 sky beasts
  2 black bears (D:8)
  5 orc warriors
  Pargi (Sewer)
  3 ice beasts
  3 centaurs
  4 ogres
  5 wolves
  A lemure (D:4)
  3 phantoms (D:5)
  3 kobold brigands
  2 bullfrogs (D:7)
  A cane toad simulacrum (IceCv)
  2 scorpions
  8 wights
  Dowan (D:5)
  11 killer bees (D:11)
  2 electric eels
  8 hounds
  2 jellies
  8 orc priests
  4 iguanas
  Ijyb (D:4)
  Natasha (D:2)
  10 orc wizards
  A polar bear simulacrum (IceCv)
  A wolf simulacrum (IceCv)
  Robin (D:2)
  3 gnolls (D:4)
  11 adders
  3 white imps
  4 ufetubi
  2 worms (D:2)
  4 dart slugs
  50 orcs
  5 ball pythons
  4 bats
  5 endoplasms
  4 giant cockroaches
  8 hobgoblins
  4 jackals (D:1)
  4 quokkas
  12 frilled lizards
  18 goblins
  22 kobolds
  9 rats
337 creatures vanquished.

Vanquished Creatures (others)
  A wolf (D:10)
1 creature vanquished.

Grand Total: 338 creatures vanquished
